 Dungeon Crawl Stone Soup version 0.19.1 (webtiles) character file.

378 Ice the Shield-Bearer (level 6, -8/56 HPs)
             Began as a Minotaur Berserker on Nov 29, 2016.
             Was a Believer of Trog.
             Mangled by an ogre
             ... wielding a +0 giant club
              (17 damage)
             ... on level 4 of the Dungeon on Nov 30, 2016.
             The game lasted 00:16:20 (2486 turns).

Ice the Shield-Bearer (Minotaur Berserker)          Turns: 2486, Time: 00:16:21

Health: -8/56      AC:  6    Str: 22    XL:     6   Next: 45%
Magic:  5/5        EV: 12    Int:  4    God:    Trog [**....]
Gold:   128        SH:  0    Dex: 11    Spells: 0 memorised, 5 levels left

rFire  . . .     SeeInvis .     x - +0 scythe
rCold  . . .     Gourm    .     r - +0 ring mail
rNeg   . . .     Faith    .     (shield currently unavailable)
rPois  .         Spirit   .     (helmet restricted)
rElec  .         Reflect  .     l - +0 cloak
rCorr  .         Harm     .     (no gloves)
MR     +....                    (no boots)
Stlth  +.........               (no amulet)
                                (no ring)
                                d - ring of protection from magic

@: no status effects
A: retaliatory headbutt, horns 2
a: Berserk, Trog's Hand, Burn Spellbooks, Renounce Religion


You were on level 4 of the Dungeon.
You worshipped Trog.
Trog was pleased with you.
You were very hungry.

You visited 1 branch of the dungeon, and saw 4 of its levels.

You collected 128 gold pieces.

Inventory:

Hand Weapons
 s - a +0 hunting sling
 x - a +0 scythe (weapon)
 y - a +1 dagger of venom
Missiles
 a - 70 arrows
 c - 7 tomahawks
 e - 111 stones (quivered)
 h - 27 poisoned needles
 p - 39 bolts
Armour
 j - a +0 large shield
 l - a +0 cloak (worn)
 r - a +0 ring mail (worn)
Jewellery
 d - a ring of protection from magic (left hand)
Scrolls
 m - 3 scrolls of teleportation
 o - 2 scrolls of amnesia {unknown}
 u - a scroll of immolation
 w - 2 scrolls of remove curse {unknown}
 z - a scroll of enchant armour {unknown}
 A - a scroll of blinking {unknown}
Potions
 f - 3 potions of haste {unknown}
 g - a potion of flight {unknown}
 i - a potion of heal wounds
 k - 3 potions of curing
 q - a potion of agility {unknown}
 v - a potion of resistance {unknown}
Books
 B - a book of Misfortune

   Spells                             Type                      Level
   a - Confusing Touch                Hexes                        1
   b - Confuse                        Hexes                        3
   c - Gell's Gravitas                Hexes/Translocation          3
   d - Petrify                        Transmutation/Earth          4
   e - Metabolic Englaciation         Hexes/Ice                    5
   f - Yara's Violent Unravelling     Hexes/Transmutation          5
   Trog disapproves of the use of such an item.
Comestibles
 b - 3 bread rations
 n - a meat ration
 t - 3 fruits


   Skills:
 - Level 5.1 Fighting
 - Level 2.4 Armour
 + Level 4.0 Dodging
 - Level 5.8 Shields
 - Level 3.2 Unarmed Combat


You had 5 spell levels left.
You didn't know any spells.

Dungeon Overview and Level Annotations

Branches:
Dungeon (4/15)
 Temple: D:4-7

Altars:
Ashenzari
Vehumet


Innate Abilities, Weirdness & Mutations

You reflexively headbutt those who attack you in melee.
You have a pair of horns on your head.


Message History

* * * LOW HITPOINT WARNING * * *
The worker ant barely misses you. x2
You are too injured to fight recklessly!
You slash the worker ant!
You kill the worker ant!
Trog accepts your kill.
Your Dodging skill increases to level 4!
The ogre closely misses you. You furiously retaliate!
You headbutt the ogre.
Your ring mail prevents you from hitting the ogre.
The ogre is lightly wounded.
The ogre closely misses you. You furiously retaliate!
You headbutt the ogre. The ogre barely misses you.
You hit the ogre.
You headbutt the ogre, but do no damage.
The ogre is heavily wounded.
The ogre hits you with a giant club!
* * * LOW HITPOINT WARNING * * *
The phantom blinks!
You feel better. The ogre hits you with a giant club!
You die...

..........
........ ...#...
...^. #...?. ....
##.....##..
#.......#.#
#...)...#@#
#.......#O# # .
#.......#.#.#..#
#.......[.....#
#.........#..##
#..#.#.#.#.#.#
##..............
#...#.#.#.#.#.#..
#.............. .


You could see an ogre.

Vanquished Creatures
  Sigmund (D:2)
  Jessica (D:2)
  A worker ant (D:4)
  Robin (D:2)
  4 gnolls (D:3)
  6 adders
  3 dart slugs
  3 giant cockroaches
  16 goblins
  7 hobgoblins
  8 kobolds
  A quokka (D:3)
  A ball python (D:3)
  5 bats
  5 frilled lizards
  A leopard gecko skeleton (D:4)
  A quokka skeleton (D:3)
  5 rats
70 creatures vanquished.

Notes
Turn   | Place    | Note
-------+----------+-------------------------------------------
     0 | D:1      | Ice the Minotaur Berserker began the quest for the Orb.
     0 | D:1      | Reached XP level 1. HP: 19/19 MP: 0/0
   131 | D:1      | Reached XP level 2. HP: 26/27 MP: 1/1
   613 | D:2      | Noticed Robin
   618 | D:2      | Killed Robin
   618 | D:2      | Reached skill level 5 in Fighting
   618 | D:2      | Reached XP level 3. HP: 30/36 MP: 2/2
   623 | D:2      | Reached ** piety under Trog
   651 | D:2      | Reached skill level 1 in Shields
   755 | D:2      | Noticed Jessica
   765 | D:2      | Killed Jessica
   765 | D:2      | Reached XP level 4. HP: 17/42 MP: 3/3
   842 | D:2      | Noticed Sigmund
   997 | D:2      | Found a shattered altar of Ashenzari.
  1169 | D:2      | Killed Sigmund
  1169 | D:2      | Reached skill level 5 in Shields
  1169 | D:2      | Reached XP level 5. HP: 32/48 MP: 4/4
  1311 | D:2      | Reached XP level 6. HP: 51/56 MP: 5/5
  2210 | D:3      | Found a radiant altar of Vehumet.
  2485 | D:4      | HP: 1/56 [ogre/giant club (14)]
  2486 | D:4      | Mangled by an ogre

Skill      XL: |  1  2  3  4  5  6 |
---------------+-------------------+-----
Fighting       | 4 5 |  5.1
Shields        | 2 5 |  5.8
Dodging        | 4 |  4.0
Armour         | |  2.4
Unarmed Combat | |  3.2

Action                   |  1- 3 |  4- 6 || total
-------------------------+-------+-------++-------
Melee: Hand axe          |    51 |    11 ||    62
       Mace              |     4 |       ||     4
       Headbutt          |     7 |    13 ||    20
       Unarmed           |     1 |       ||     1
       Scythe            |       |    65 ||    65
 Fire: Hunting sling     |       |    33 ||    33
Throw: Stone             |    45 |    25 ||    70
Invok: Berserk           |       |     1 ||     1
  Use: Scroll            |     4 |     5 ||     9
       Potion            |       |     1 ||     1
  Eat: Chunk             |       |     5 ||     5
Armor: Animal skin       |     3 |       ||     3
       Leather armour    |    10 |       ||    10
       Ring mail         |     1 |    23 ||    24
Dodge: Dodged            |    24 |    65 ||    89
Block: Large shield      |    32 |     4 ||    36
